 Dungeon Crawl Stone Soup version 0.16-a0-100-g0188e4c (webtiles) character file.

318 HiobMontag the Skirmisher (level 6, 0/55 HPs)
             Began as a Hill Orc Abyssal Knight on Aug 9, 2014.
             Was an Elder of Lugonu.
             Succumbed to a yellow wasp's poison
             ... on Level 4 of the Dungeon.
             The game lasted 00:19:08 (3410 turns).

HiobMontag the Skirmisher (Hill Orc Abyssal Knight) Turns: 3410, Time: 00:19:08

HP   0/55        AC 13     Str 17      XL: 6   Next: 45%
MP   8/8         EV  8     Int 12      God: Lugonu [****..]
Gold 182         SH  0     Dex 10      Spells:  0 memorised,  5 levels left

rFire  + + .     SeeInvis .     i - +2 flail "Psudd" {elec, *Tele rF+ rN+}
rCold  . . .     Clarity  .     h - +4 scale mail {rF+}
rNeg   + . .     rCorr    .     (no shield)
rPois  .         rRot     .     l - +0 helmet
rElec  .         Spirit   .     (no cloak)
SustAb .         Warding  .     k - +0 pair of gloves
rMut   .         Rnd*Tele +     (no boots)
Gourm  .                        (no amulet)
MR     .....                    (no ring)
                                (no ring)

@: lethally poisoned, slowed, very slow, not resistant to hostile enchantments,
extremely unstealthy
A: breathe flames 1, spit poison 1
a: Spit Poison, Depart the Abyss, Bend Space, Banish, Corrupt, Renounce
Religion, Breathe Fire


You were on level 4 of the Dungeon.
You worshipped Lugonu.
Lugonu was greatly pleased with you.
You were not hungry.

You visited 1 branch of the dungeon, and saw 4 of its levels.
You visited the Abyss 1 time.

You collected 182 gold pieces.

Inventory:

Hand weapons
 a - a +1 spear
 i - the +2 flail "Psudd" (weapon) {elec, *Tele rF+ rN+}
   (You found it on level 4 of the Dungeon)

   Occasionally, upon striking a foe, it will discharge some electrical energy
   and cause terrible harm.
   It protects you from fire.
   It protects you from negative energy.
   It causes random teleportation.
Armour
 b - a +0 leather armour
 d - a +0 ring mail
 h - a +4 scale mail of fire resistance (worn)
 k - a +0 pair of gloves (worn)
 l - a +0 helmet (worn)
Comestibles
 c - a meat ration
 j - a beef jerky
 o - a bread ration
 r - a slice of pizza
 s - a royal jelly
Scrolls
 f - a scroll of remove curse
 m - a scroll of fear
 p - a scroll of blinking
Jewellery
 t - an uncursed ring of flight
Potions
 e - a potion of brilliance
 q - a potion of lignification


   Skills:
 + Level 4.8 Fighting
 + Level 4.2 Polearms
 + Level 3.9 Armour
 + Level 2.6 Dodging
 + Level 0.6 Stealth
 + Level 2.6 Invocations


You had 5 spell levels left.
You didn't know any spells.

Dungeon Overview and Level Annotations

Branches:
Dungeon (4/15)
 Temple: D:4-7

Altars:
Ashenzari
Gozag
Okawaru
Qazlal
Trog


Innate Abilities, Weirdness & Mutations

You can breathe flames.
You can spit poison.


Message History

Drink which item? (? for menu, Esc to quit)
Okay, then.
You are too injured to fight recklessly!
You closely miss the yellow wasp.
The yellow wasp is heavily wounded.
You feel sick. The yellow wasp stings you.
* * * LOW HITPOINT WARNING * * *
You feel as though you will be slow longer.
The yellow wasp barely misses you. The yellow wasp closely misses you.
You closely miss the yellow wasp.
The yellow wasp is heavily wounded.
* * * LOW HITPOINT WARNING * * *
You feel sick.
The yellow wasp stings you but does no damage.
The yellow wasp barely misses you. The yellow wasp stings you.
* * * LOW HITPOINT WARNING * * *
You feel as though you will be slow longer.
You thump the yellow wasp!
The yellow wasp is severely wounded.
You die...

.## ....... #.......
#........ +..._...'.
#.......# ##.......###
# .. #..)).....#....
....#⌠[@#+## #....
....##..y..####...#
#.....#........#.#
####..#...#......######
##..##.#...........#
#..................
###...........##...
#.#####....#####.
#.######....# ##


You could see a yellow wasp.

Vanquished Creatures
  2 crimson imps (D:3)
  An orc priest (D:4)
  An iguana (D:4)
  2 worker ants
  Terence (D:2)
  3 adders
  3 giant mites
  A worm (D:2)
  2 oozes (D:3)
  6 orcs
  4 ball pythons
  4 giant cockroaches
  7 goblins
  6 hobgoblins
  10 jackals
  A quokka (D:2)
  9 bats
  2 giant geckos
  7 giant newts
  5 kobolds
  6 rats
83 creatures vanquished.

Notes
Turn   | Place    | Note
--------------------------------------------------------------
     0 | Abyss:1  | HiobMontag, the Hill Orc Abyssal Knight, began the quest for the Orb.
     0 | Abyss:1  | Reached XP level 1. HP: 19/19 MP: 1/1
     8 | D:1      | Escaped the Abyss
    45 | D:1      | Reached XP level 2. HP: 24/27 MP: 2/2
   114 | D:1      | Acquired Lugonu's second power
   143 | D:1      | Reached skill level 4 in Fighting
   143 | D:1      | Reached skill level 1 in Dodging
   212 | D:1      | Reached XP level 3. HP: 30/33 MP: 4/4
   770 | D:2      | Noticed Terence
   915 | D:2      | Killed Terence
   915 | D:2      | Reached XP level 4. HP: 27/41 MP: 5/5
   934 | D:2      | Acquired Lugonu's third power
  1141 | D:2      | Found an iron altar of Okawaru.
  1400 | D:2      | Gained mutation: You can breathe flames. [potion of mutation]
  1400 | D:2      | Gained mutation: You can spit poison. [potion of mutation]
  1904 | D:3      | Reached XP level 5. HP: 45/47 MP: 7/7
  2618 | D:4      | Found a bloodstained altar of Trog.
  2708 | D:4      | Reached XP level 6. HP: 16/53 MP: 8/8
  3072 | D:4      | Got a shimmering flail
  3073 | D:4      | Identified the cursed +2 flail "Psudd" {elec, *Tele rF+ rN+} (You found it on level 4 of the Dungeon)
  3146 | D:4      | Found an opulent altar of Gozag.
  3335 | D:4      | Found a stormy altar of Qazlal.
  3349 | D:4      | Acquired Lugonu's fourth power
  3394 | D:4      | Found a shattered altar of Ashenzari.
  3402 | D:4      | Paralysed by a yellow wasp for 3 turns
  3408 | D:4      | HP: 2/55 [yellow wasp (5)]
  3410 | D:4      | Succumbed to a yellow wasp's poison

Action                   |  1- 3 |  4- 6 || total
-------------------------+-------+-------++-------
Melee: Spear             |   178 |   226 ||   404
       Flail             |       |    48 ||    48
  Use: Scroll            |       |    12 ||    12
       Potion            |       |     3 ||     3
  Eat: Chunk             |       |     7 ||     7
       Beef jerky        |       |     1 ||     1
